 Dungeon Crawl Stone Soup version 0.22.1-1-ga44c0e5 (webtiles) character file.

219845 greentea the Severer (level 18, 0/119 HPs)
             Began as a Minotaur Berserker on Oct 12, 2018.
             Was an Elder of Trog.
             Slain by an acid blob (18 damage)
             ... on level 5 of the Pits of Slime on Oct 13, 2018.
             The game lasted 03:44:33 (42132 turns).

greentea the Severer (Minotaur Berserker)          Turns: 42132, Time: 03:44:34

Health: 0/119      AC: 18    Str: 37    XL:     18   Next: 45%
Magic:  0/15       EV: 24    Int:  4    God:    Trog [****..]
Gold:   2046       SH:  0    Dex: 19    Spells: 17/17 levels left

rFire    + + .     SeeInvis .   y - +8 broad axe of Ryenemp {drain, MR+}
rCold    + + .     Gourm    .   T - +3 large shield
rNeg     + . .     Faith    .   Z - +1 plate armour {rF+}
rPois    +         Spirit   +   (helmet restricted)
rElec    +         Reflect  .   Y - +1 cloak {rC+}
rCorr    +         Harm     .   v - +2 pair of gloves
MR       ++...                  V - +0 pair of boots
Stlth    ..........             z - amulet "Heiteur" {Spirit +Inv rN+ Str+5}
HPRegen  0.29/turn              r - ring of resist corrosion
MPRegen  0.14/turn              N - +3 ring of strength

@: confused, mighty, agile, resistant, corroded
A: retaliatory headbutt, horns 2, clumsy 1, deformed body, frail 3, low mp 1,
screaming 1, electricity resistance
}: 1/15 runes: serpentine
a: Berserk, Trog's Hand, Brothers in Arms, Renounce Religion, Evoke Invisibility


You were on level 5 of the Pits of Slime.
You worshipped Trog.
Trog was greatly pleased with you.
You were not hungry.

You visited 5 branches of the dungeon, and saw 32 of its levels.
You also visited: Labyrinth and Ice Cave.

You collected 2088 gold pieces.
You spent 42 gold pieces at shops.

Inventory:

Hand Weapons
 b - a +1 vampiric war axe
 l - a +1 antimagic hand axe
 y - the +8 broad axe of Ryenemp (weapon) {drain, MR+}
   (Trog gifted it to you on level 1 of the Orcish Mines)

   A truly terrible weapon, it drains the life of those it strikes.
   It affects your resistance to hostile enchantments.
 B - a +2 war axe of chopping
 F - a +1 war axe of electrocution
 X - a +3 scimitar of flaming
Missiles
 e - 797 stones (quivered)
 J - a throwing net
Armour
 v - a +2 pair of gloves (worn)
 T - a +3 large shield (worn)
 V - a +0 pair of boots (worn)
 Y - a +1 cloak of cold resistance (worn)
 Z - a +1 plate armour of fire resistance (worn)
Jewellery
 a - an uncursed ring of poison resistance
 g - an uncursed ring of protection from cold
 m - an uncursed ring of teleportation
 r - a ring of resist corrosion (left hand)
 z - the amulet "Heiteur" (around neck) {Spirit +Inv rN+ Str+5}
   (You found it in a labyrinth)

   [amulet of guardian spirit]

   It causes incoming damage to be split between your health and magic.
   It affects your strength (+5).
   It protects you from negative energy.
   It lets you turn invisible.
 L - an uncursed ring of flight
 N - a +3 ring of strength (right hand)
 S - a +6 amulet of reflection
Wands
 f - a wand of digging (15)
 E - a wand of acid (18)
 I - a wand of iceblast (16)
 M - a wand of paralysis (15)
 P - a wand of disintegration (31)
 W - a wand of enslavement (23)
Scrolls
 d - 6 scrolls of enchant weapon
 h - 3 scrolls of blinking
 j - 4 scrolls of remove curse
 o - 7 scrolls of fear
 q - 14 scrolls of teleportation
 t - a scroll of enchant armour
 u - 2 scrolls of summoning
 w - a scroll of fog
 D - 7 scrolls of magic mapping
 O - a scroll of brand weapon
Potions
 i - a potion of invisibility
 k - 3 potions of flight
 n - 2 potions of haste
 p - 3 potions of resistance
 s - 14 potions of curing
 x - a potion of agility
 A - 3 potions of cancellation
 K - a potion of magic
 Q - 2 potions of mutation
 U - 3 potions of might
Miscellaneous
 C - 2 phantom mirrors
 H - a box of beasts
Comestibles
 c - 11 rations


   Skills:
 + Level 17.6 Fighting
 + Level 18.4 Axes
 + Level 17.5 Armour
 + Level 16.2 Dodging
 + Level 17.0 Shields


You had 17 spell levels left.
You didn't know any spells.
Your spell library was empty.

Dungeon Overview and Level Annotations

Branches:
Dungeon (15/15)            Temple (0/1) D:4            Lair (6/6) D:10
  Swamp (0/4) Lair:3        Snake (4/4) Lair:2        Slime (5/5) Lair:5
    Orc (2/2) D:11            Elf (0/3) Orc:2        Vaults (0/5) D:14
 Depths (0/5) D:15

Altars:
Ashenzari
Dithmenos
Elyvilon
Gozag
Ru
Vehumet
Wu Jian
Xom
Yredelemnul
The Shining One

Shops:
D:5 %   D:9 [   D:11 (??   D:15 (   Orc:1 :   Orc:2 [*(=   Snake:1 !(

Annotations:
D:12 exclusion: obsidian statue
Lair:6 exclusion: ice statue


Innate Abilities, Weirdness & Mutations

You reflexively headbutt those who attack you in melee.
You have a pair of horns on your head.
You are clumsy. (Dex -2)
Armour fits poorly on your strangely shaped body.
You are extremely frail. (-30% HP)
Your magical capacity is low. (-10% MP)
You occasionally shout uncontrollably at your foes.
You are resistant to electric shocks. (rElec)


Message History

The golden eye blinks at you. You resist with almost no effort.
The acid blob misses you.
You slash the slime creature! You headbutt the slime creature!
The slime creature is severely wounded.
You slash the acid blob!
Your hands burn!
* * * LOW HITPOINT WARNING * * *
You slice the large slime creature!! You drain the large slime creature!
You hit the slime creature. You drain the slime creature!
You slash the golden eye!
You kill the golden eye!
Trog accepts your kill.
You slice the golden eye!!
You kill the golden eye!
Trog accepts your kill.
You hit the acid blob. You drain the acid blob!
Your hands burn!
* * * LOW HITPOINT WARNING * * *
The acid blob completely misses you.
The slime creature closely misses you. x2
The golden eye blinks at you. You resist with almost no effort.
The acid blob hits you!!
You die...

...............
................
...........G....#
.G...............
.................
ยง................
.......JJ........
.......@J........
.......JJ........
.......<.(..(.(..
....#......((....
### #.#..........
####.........
##........
##....... .......


You could see 2 acid blobs, a large slime creature, 2 slime creatures and 2
golden eyes.

Vanquished Creatures
  Rupert (Lair:4)
  Asterion (Snake:1)
  15 acid blobs
  Kirke (Lair:4)
  7 nagarajas (Snake:4)
  4 azure jellies
  A frost giant (IceCv)
  An orc warlord (Orc:2)
  A stone giant (Orc:2)
  Nessos (Lair:5)
  A minotaur (Lab)
  3 death oozes
  A great orb of eyes (Slime:3)
  The ghost of Faytuur the Cleaver, a journeyman MiFi of Makhleb (Lair:1)
  2 vault guards (D:14)
  3 hydras
  An ice dragon (Lair:6)
  13 naga warriors
  5 anacondas
  Erica (Lair:1)
  A catoblepas (D:14)
  A dancing weapon (Lair:1)
  2 centaur warriors
  3 death yaks (Lair:6)
  An ogre mage (D:14)
  3 tengu warriors
  A vampire mage (D:14)
  8 two-headed ogres
  11 naga sharpshooters
  6 shock serpents
  Urug (D:10)
  2 orc high priests (Orc:1)
  2 skeletal warriors (D:15)
  A golden dragon zombie (D:15)
  10 naga ritualists
  A salamander mystic (Snake:3)
  5 orc knights
  3 necromancers
  A wolf spider zombie (D:14)
  5 orc sorcerers
  A lindwurm (Lair:6)
  6 mana vipers
  A deep elf mage (D:14)
  2 salamanders
  2 manticores
  A fire giant zombie (D:15)
  5 shining eyes
  A cyclops (D:14)
  17 ugly things
  A stone giant skeleton (D:15)
  2 centaur zombies (D:15)
  3 guardian serpents
  2 eyes of devastation
  27 naga magi
  An elf zombie (D:15)
  A guardian serpent (shapeshifter) (D:15)
  17 elephants
  30 black mambas
  2 gargoyles
  8 spiny frogs
  A freezing wraith (D:15)
  7 centaur skeletons
  A yaktaur (D:14)
  2 ice devils (Lair:1)
  5 komodo dragons
  2 rime drakes (Lair:6)
  2 kobold demonologists (D:14)
  A tengu conjurer (D:15)
  10 trolls
  24 polar bears
  Prince Ribbit (D:6)
  16 blink frogs
  7 hornets
  A harpy skeleton (D:11)
  76 slime creatures
  2 dream sheep (Lair:6)
  10 hippogriffs
  3 shadows
  4 wyverns
  14 spriggans (Lair:6)
  47 yaks
  2 basilisks
  21 humans
  2 hogs (D:7)
  Grum (D:8)
  2 steam dragons
  6 golden eyes
  7 hungry ghosts
  5 vampire mosquitoes
  Menkaure (D:5)
  36 nagas
  3 wargs
  4 insubstantial wisps
  Edmund (D:5)
  10 water moccasins
  6 porcupines
  4 sky beasts
  4 black bears
  47 orc warriors
  A phantom (D:9)
  8 eyes of draining
  13 ice beasts
  17 ogres
  A necrophage (D:12)
  30 wolves
  3 boggarts (Lair:6)
  9 centaurs
  13 crocodiles
  5 big kobolds
  A wyvern zombie (D:13)
  20 bullfrogs
  3 gnoll sergeants (D:11)
  A water moccasin zombie (D:5)
  A scorpion (D:12)
  A water moccasin skeleton (D:6)
  5 killer bees (D:13)
  6 howler monkeys
  2 electric eels (D:7)
  3 crimson imps
  A bullfrog zombie (D:5)
  6 hounds
  A bullfrog skeleton (D:10)
  30 orc wizards
  35 orc priests
  A gnoll shaman (D:9)
  8 jellies
  3 iguanas
  Jessica (D:2)
  Natasha (twice) (D:2)
  6 worker ants
  A hound zombie (D:7)
  2 hound skeletons
  A worker ant zombie (D:7)
  8 gnolls
  A howler monkey skeleton (D:9)
  14 adders
  5 shadow imps
  2 white imps (Lair:5)
  An adder zombie (D:7)
  An ooze (Lair:5)
  2 adder skeletons (D:6)
  4 worms
  A dart slug (D:3)
  6 leopard geckos
  116 orcs
  3 ball pythons
  7 bats
  2 giant cockroaches
  A goblin (D:2)
  9 hobgoblins
  2 jackals (D:1)
  23 kobolds
  6 quokkas
  5 frilled lizards
  A quokka zombie (D:6)
  10 rats
  A bush (Lair:4)
  9 fungi
  7 plants
  2 withered plants (D:15)
1150 creatures vanquished.

Vanquished Creatures (collateral kills)
  Nikola (Snake:2)
  An orc high priest (Orc:2)
  2 orc wizards (Orc:2)
4 creatures vanquished.

Vanquished Creatures (others)
  A naga mage (Snake:4)
  A hog (Lair:5)
  2 humans
  A naga (Snake:4)
  A centaur (D:5)
  2 jellies (Lair:5)
  An ufetubus (D:12)
  An ooze (Lair:5)
  2 orcs
  A quokka (D:11)
  8 fungi
  3 plants
  A withered plant (D:15)
25 creatures vanquished.

Grand Total: 1179 creatures vanquished

Notes
Turn   | Place    | Note
-------+----------+-------------------------------------------
     0 | D:1      | greentea the Minotaur Berserker began the quest for the
                  | Orb.
     0 | D:1      | Reached XP level 1. HP: 19/19 MP: 0/0
   209 | D:1      | Reached XP level 2. HP: 27/27 MP: 1/1
   279 | D:1      | Reached skill level 4 in Axes
  1132 | D:2      | Noticed Jessica
  1135 | D:2      | Killed Jessica
  1135 | D:2      | Reached XP level 3. HP: 33/33 MP: 2/2
  1497 | D:2      | Reached XP level 4. HP: 35/40 MP: 3/3
  2010 | D:2      | Noticed Natasha
  2016 | D:2      | Killed Natasha
  2016 | D:2      | Reached skill level 5 in Axes
  2017 | D:2      | Found a radiant altar of Vehumet.
  2019 | D:2      | Found an opulent altar of Gozag.
  2045 | D:2      | Found a sacrificial altar of Ru.
  2045 | D:2      | Found a shadowy altar of Dithmenos.
  2049 | D:2      | Found a shattered altar of Ashenzari.
  2051 | D:2      | Found a glowing golden altar of the Shining One.
  2146 | D:2      | Reached ** piety under Trog
  2174 | D:2      | Noticed Natasha
  2185 | D:2      | Killed Natasha
  2185 | D:2      | Reached XP level 5. HP: 25/47 MP: 4/4
  2710 | D:3      | Reached XP level 6. HP: 55/55 MP: 5/5
  3034 | D:3      | Reached skill level 6 in Axes
  3270 | D:3      | Reached skill level 5 in Fighting
  3644 | D:4      | Found a sacrificial altar of Ru.
  4102 | D:4      | Found a staircase to the Ecumenical Temple.
  4376 | D:5      | Entered Level 5 of the Dungeon
  4383 | D:4      | Reached XP level 7. HP: 57/61 MP: 6/6
  4392 | D:5      | Reached skill level 7 in Axes
  4392 | D:5      | Reached skill level 1 in Shields
  4652 | D:5      | Noticed Edmund
  4659 | D:5      | Killed Edmund
  4659 | D:5      | Reached skill level 5 in Armour
  4753 | D:5      | Noticed a steam dragon
  4962 | D:5      | Noticed Menkaure
  4967 | D:5      | Noticed a steam dragon
  4973 | D:5      | Killed Menkaure
  4977 | D:5      | Killed a steam dragon
  4977 | D:5      | Reached skill level 8 in Axes
  4977 | D:5      | Reached XP level 8. HP: 67/70 MP: 7/7
  5013 | D:5      | Reached skill level 5 in Dodging
  5429 | D:5      | Found an ornate altar of the Wu Jian Council.
  5452 | D:5      | Found Lonuru's Food Shop.
  5826 | D:6      | Reached skill level 9 in Axes
  6387 | D:6      | Noticed Prince Ribbit
  6403 | D:6      | Reached XP level 9. HP: 78/78 MP: 8/8
  6416 | D:6      | Killed Prince Ribbit
  6423 | D:6      | Reached *** piety under Trog
  6782 | D:7      | Reached skill level 5 in Shields
  7146 | D:7      | Reached skill level 10 in Axes
  7293 | D:7      | Noticed a cyan ugly thing
  7318 | D:7      | Killed a cyan ugly thing
  7805 | D:7      | Reached XP level 10. HP: 88/88 MP: 9/9
  7810 | D:7      | Reached skill level 11 in Axes
  8824 | D:8      | Noticed Grum
  8848 | D:8      | Reached **** piety under Trog
  8869 | D:8      | Killed Grum
  9871 | D:9      | Found Yqaschal's Antique Armour Shoppe.
 10307 | D:10     | Entered Level 10 of the Dungeon
 10382 | D:10     | Noticed Urug
 10397 | D:10     | Killed Urug
 10397 | D:10     | Reached skill level 12 in Axes
 10452 | D:10     | Noticed a two-headed ogre
 10461 | D:10     | Killed a two-headed ogre
 10699 | D:10     | Found a staircase to the Lair.
 10748 | D:10     | Found a basalt altar of Yredelemnul.
 10827 | D:10     | Reached XP level 11. HP: 97/97 MP: 10/10
 11004 | D:11     | Found a white marble altar of Elyvilon.
 11037 | D:11     | Found Uceweodoe's Magic Scroll Emporium.
 11069 | D:11     | Bought a scroll of remove curse for 42 gold pieces
 11580 | D:11     | Found Buaggyos's Magic Scroll Emporium.
 11673 | D:11     | Paralysed by a hornet for 3 turns
 12227 | D:11     | Found Bosaodd's Antique Weapon Shop.
 12251 | D:11     | Found a staircase to the Orcish Mines.
 12283 | D:11     | Reached skill level 13 in Axes
 12664 | D:12     | Noticed a purple ugly thing
 12679 | D:12     | Killed a purple ugly thing
 12679 | D:12     | Reached skill level 10 in Fighting
 12750 | D:12     | Noticed a white ugly thing
 12764 | D:12     | Killed a white ugly thing
 12857 | D:12     | Noticed an obsidian statue
 13709 | Lair:1   | Entered Level 1 of the Lair of Beasts
 13733 | Lair:1   | Found a runed door.
 13733 | Lair:1   | Found a shimmering altar of Xom.
 13733 | Lair:1   | Noticed a rapier of chaos
 13733 | Lair:1   | Noticed Faytuur's ghost (journeyman MiFi)
 13741 | Lair:1   | Killed a rapier of chaos
 13741 | Lair:1   | Reached skill level 10 in Armour
 13741 | Lair:1   | Reached XP level 12. HP: 107/107 MP: 11/11
 13748 | Lair:1   | Killed Faytuur's ghost
 14037 | Lair:1   | Noticed Erica
 14052 | Lair:1   | Killed Erica
 14052 | Lair:1   | Reached skill level 14 in Axes
 14399 | Lair:1   | Found a frozen archway.
 14420 | IceCv    | Entered an ice cave
 15002 | IceCv    | Noticed a frost giant
 15025 | IceCv    | Killed a frost giant
 15025 | IceCv    | Reached skill level 10 in Dodging
 15025 | IceCv    | Reached skill level 10 in Shields
 15031 | IceCv    | Reached skill level 15 in Axes
 15870 | Lair:2   | Found a staircase to the Snake Pit.
 15902 | Lair:2   | Reached XP level 13. HP: 116/116 MP: 12/12
 16321 | Lair:2   | Received a gift from Trog
 16499 | Lair:2   | Reached ***** piety under Trog
 17076 | Lair:3   | Found a staircase to the Swamp.
 18122 | Lair:4   | Reached skill level 16 in Axes
 19025 | Lair:5   | Noticed Rupert
 19028 | Lair:5   | Noticed Kirke
 19048 | Lair:5   | HP: 2/118 [Rupert/battleaxe of electrocution (19)]
 19314 | Lair:4   | Killed Kirke
 19363 | Lair:5   | Paralysed by Rupert for 2 turns
 19377 | Lair:4   | Killed Rupert
 19474 | Lair:5   | Found a staircase to the Slime Pits.
 19491 | Lair:5   | Found a labyrinth entrance.
 19497 | Lab      | Entered a labyrinth
 20150 | Lab      | Noticed a minotaur
 20156 | Lab      | Killed a minotaur
 20163 | Lab      | Got a crude graven amulet
 20165 | Lab      | Identified the amulet "Heiteur" {Spirit +Inv rN+ Str+5}
                  | (You found it in a labyrinth)
 20420 | Lair:5   | Noticed Nessos
 20451 | Lair:5   | Killed Nessos
 20908 | Lair:6   | Entered Level 6 of the Lair of Beasts
 20998 | Lair:6   | Reached XP level 14. HP: 127/127 MP: 13/13
 21712 | Lair:6   | Reached skill level 17 in Axes
 23570 | Orc:1    | Entered Level 1 of the Orcish Mines
 23609 | Orc:1    | Found Loocito's Book Emporium.
 23733 | Orc:2    | Entered Level 2 of the Orcish Mines
 23834 | Orc:2    | Received a gift from Trog
 23995 | Orc:2    | Noticed a stone giant
 24008 | Orc:2    | Killed a stone giant
 24129 | Orc:2    | Found a staircase to the Elven Halls.
 25300 | Orc:1    | Reached XP level 15. HP: 127/136 MP: 12/14
 25311 | Orc:1    | Received a gift from Trog
 25315 | Orc:1    | Got a warped broad axe {god gift}
 25316 | Orc:1    | Identified the +8 broad axe of Ryenemp {drain, MR+} (Trog
                  | gifted it to you on level 1 of the Orcish Mines)
 25713 | Orc:2    | Noticed an orc warlord
 25743 | Orc:2    | Killed an orc warlord
 25812 | Orc:2    | Found Bidaatac's Antique Armour Boutique.
 25813 | Orc:2    | Found Uheum's Antique Weapon Boutique.
 25814 | Orc:2    | Found Qaijonu's General Store.
 25814 | Orc:2    | Found Ximuk's Jewellery Shop.
 26266 | D:13     | Reached skill level 18 in Axes
 27187 | D:14     | Received a gift from Trog
 27415 | D:14     | Found a gate to the Vaults.
 27946 | D:15     | Entered Level 15 of the Dungeon
 27946 | D:15     | Found Idageihu's Antique Weapon Shoppe.
 28461 | D:15     | Found a staircase to the Depths.
 28478 | D:15     | Reached XP level 16. HP: 123/147 MP: 12/15
 28812 | D:15     | Found a shattered altar of Ashenzari.
 29345 | Snake:1  | Entered Level 1 of the Snake Pit
 29393 | Snake:1  | Found Wofer's Weapon Shop.
 29919 | Snake:1  | Found Gegoecos's Distillery.
 30057 | Snake:1  | Reached skill level 15 in Fighting
 30876 | Snake:2  | Reached skill level 15 in Armour
 31147 | Snake:2  | Noticed Nikola
 31219 | Snake:2  | Killed Nikola
 31812 | Snake:2  | Noticed Asterion
 31910 | Snake:1  | Killed Asterion
 33065 | Snake:3  | Reached skill level 15 in Shields
 34111 | Snake:4  | Entered Level 4 of the Snake Pit
 34394 | Snake:4  | Reached XP level 17. HP: 151/158 MP: 14/16
 34969 | Snake:4  | Reached skill level 15 in Dodging
 36302 | Snake:4  | Got a serpentine rune of Zot
 36833 | Slime:1  | Entered Level 1 of the Pits of Slime
 36840 | Slime:1  | Noticed an acid blob
 36841 | Slime:1  | Received a gift from Trog
 36843 | Slime:1  | Noticed an acid blob
 36848 | Slime:1  | Killed an acid blob
 36861 | Slime:1  | Killed an acid blob
 37861 | Slime:2  | Noticed an acid blob
 37871 | Slime:2  | Killed an acid blob
 38352 | Slime:3  | Noticed an acid blob
 38352 | Slime:3  | Noticed an acid blob
 38352 | Slime:3  | Noticed an acid blob
 38365 | Slime:3  | Noticed an acid blob
 38371 | Slime:3  | Noticed an acid blob
 38375 | Slime:3  | Noticed an acid blob
 38382 | Slime:2  | Killed an acid blob
 38383 | Slime:2  | Killed an acid blob
 38888 | Slime:2  | Killed an acid blob
 39039 | Slime:3  | Noticed an acid blob
 39044 | Slime:2  | Killed an acid blob
 39044 | Slime:2  | Reached XP level 18. HP: 106/170 MP: 10/17
 39466 | Slime:3  | Gained mutation: You are frail. (-10% HP) [a shining eye]
 39469 | Slime:3  | Gained mutation: You are very frail. (-20% HP) [a shining
                  | eye]
 40462 | Slime:4  | Gained mutation: Armour fits poorly on your strangely
                  | shaped body. [a shining eye]
 40463 | Slime:4  | Gained mutation: Your magical capacity is low. (-10% MP) [a
                  | shining eye]
 40471 | Slime:4  | Gained mutation: You occasionally shout uncontrollably at
                  | your foes. [a shining eye]
 40920 | Slime:4  | Gained mutation: You are resistant to electric shocks.
                  | (rElec) [a shining eye]
 40923 | Slime:4  | Gained mutation: You are clumsy. (Dex -2) [a shining eye]
 40977 | Slime:4  | Gained mutation: You are extremely frail. (-30% HP) [a
                  | shining eye]
 42103 | Slime:5  | Entered Level 5 of the Pits of Slime
 42132 | Slime:5  | Slain by an acid blob

Skill      XL: |  1  2  3  4  5  6  7  8  9 10 11 12 13 14 15 16 17 18 |
---------------+-------------------------------------------------------+-----
Axes           | 4 5 6 8 9 10 12 13 15 16 17 18 | 18.4
Fighting       | 4 5 6 8 9 10 11 12 13 14 16 17 | 17.6
Armour         | 3 4 5 6 7 8 10 11 12 13 14 15 17 | 17.5
Dodging        | 3 4 5 6 8 9 10 11 12 13 14 15 16 | 16.2
Shields        | 2 4 6 7 8 10 11 12 14 15 16 17 | 17.0

Action                   |  1- 3 |  4- 6 |  7- 9 | 10-12 | 13-15 | 16-18 || total
-------------------------+-------+-------+-------+-------+-------+-------++-------
Melee: Hand axe          |    46 |   136 |       |       |       |       ||   182
       Headbutt          |     6 |    26 |    58 |   170 |   352 |   277 ||   889
       War axe           |       |    20 |   207 |   709 |   812 |       ||  1748
       Scimitar          |       |       |       |       |    71 |       ||    71
       Broad axe         |       |       |       |       |   422 |   825 ||  1247
Throw: Stone             |       |    30 |    19 |     9 |    86 |    80 ||   224
Invok: Berserk           |     1 |     3 |     8 |     5 |     7 |    10 ||    34
       Trog's Hand       |       |     4 |     6 |     5 |    36 |    38 ||    89
       Brothers in Arms  |       |       |       |       |     2 |     2 ||     4
  Use: Potion            |       |     1 |     1 |       |     8 |     7 ||    17
       Scroll            |       |     4 |     4 |    11 |    11 |    15 ||    45
 Stab: Sleeping          |     1 |     2 |       |       |       |       ||     3
  Eat: Ration            |     1 |     1 |     3 |     8 |     7 |    20 ||    40
       Chunk             |       |    10 |    10 |    15 |    37 |     1 ||    73
Armor: Animal skin       |    10 |    11 |       |       |       |       ||    21
       Ring mail         |       |    11 |       |       |       |       ||    11
       Scale mail        |       |     8 |    28 |       |       |       ||    36
       Plate armour      |       |       |    52 |   245 |   448 |   216 ||   961
Dodge: Dodged            |    32 |    78 |    36 |   196 |   460 |   259 ||  1061
Block: Shield            |       |     5 |   110 |   522 |   809 |   182 ||  1628
       Reflection        |       |     2 |    12 |    18 |       |       ||    32
       Large shield      |       |       |       |       |       |   596 ||   596
       Rpst.: Scimitar   |       |       |       |       |     8 |       ||     8
